 Dungeon Crawl Stone Soup version 0.21-a0-196-g6a663c0 (webtiles) character file.

96559 namelastname112 the Devastator (level 15, -3/128 HPs)
             Began as a Red Draconian Conjurer on Aug 15, 2017.
             Was a High Priest of Vehumet.
             Slain by an orc warrior
             ... wielding a +0 scimitar
              (30 damage)
             ... on level 1 of the Orcish Mines.
             The game lasted 00:55:20 (26153 turns).

namelastname112 the Devastator (DrCj)              Turns: 26153, Time: 00:55:21

Health: -3/128     AC: 15    Str: 13    XL:     15   Next: 69%
Magic:  17/30      EV: 17    Int: 20    God:    Vehumet [*****.]
Gold:   1434       SH:  0    Dex: 13    Spells: 5/36 levels left

rFire    + + +     SeeInvis .   j - +2 falchion (elec)
rCold    . . .     Gourm    .   (no shield)
rNeg     . . .     Faith    .   (armour unavailable)
rPois    .         Spirit   .   (helmet restricted)
rElec    .         Reflect  .   y - scarf {repulsion}
rCorr    .         Harm     .   D - +1 pair of gloves {archery}
MR       +....                  H - +0 pair of boots of the Cast Vote {+Blink} (curse)
Stlth    ++........             C - amulet of magic regeneration
HPRegen  0.31/turn              U - ring of fire
MPRegen  0.47/turn              i - +3 ring of protection

@: repel missiles
A: breathe fire, unfitting armour, cold resistance 1, fire resistance 2, strong
1, cold-blooded, AC +9
a: Breathe Fire, Renounce Religion, Evoke Blink


You were on level 1 of the Orcish Mines.
You worshipped Vehumet.
Vehumet was extremely pleased with you.
You were not hungry.

You visited 3 branches of the dungeon, and saw 22 of its levels.
You also visited: Labyrinth, Sewer and Bailey.

You collected 2394 gold pieces.
You spent 960 gold pieces at shops.

Inventory:

Hand Weapons
 j - a +2 falchion of electrocution (weapon)
 R - the +6 battleaxe of the Ageless Cities {chop, rPois rF++ rN+ Dex-3}
   (You found it in a bailey)

   It inflicts extra damage upon your enemies.
   It affects your dexterity (-3).
   It greatly protects you from fire.
   It protects you from poison.
   It protects you from negative energy.
Armour
 l - a cursed +0 buckler
 y - a scarf of repulsion (worn)
 D - a +1 pair of gloves of archery (worn)
 H - the cursed +0 pair of boots of the Cast Vote (worn) {+Blink}
   (You found it on level 9 of the Dungeon)

   It lets you blink.
   It has a curse placed upon it.
Jewellery
 i - a +3 ring of protection (right hand)
 C - an amulet of magic regeneration (around neck)
 K - an uncursed ring of protection from magic
 U - a ring of fire (left hand)
Wands
 g - a wand of disintegration (12/24)
 w - a wand of digging (13/24)
 G - a wand of acid (11/15)
 L - a wand of acid (7/15)
 N - a wand of paralysis (9/24)
Scrolls
 d - 4 scrolls of identify
 o - 3 scrolls of enchant armour
 p - 12 scrolls of remove curse
 s - 3 scrolls of recharging
 x - a scroll of fear
 B - 3 scrolls of teleportation
 T - 3 scrolls of enchant weapon
Potions
 c - 2 potions of brilliance
 e - 5 potions of flight
 f - 10 potions of curing
 k - 3 potions of cancellation
 m - 3 potions of ambrosia
 q - 4 potions of agility
 r - 6 potions of might
 z - a potion of resistance
 A - a potion of magic
 E - 4 potions of haste
 J - 5 potions of heal wounds
 P - a potion of invisibility
Miscellaneous
 t - a phantom mirror
 O - a fan of gales
 Q - a lightning rod (4/4)
Comestibles
 b - 13 bread rations
 n - 7 meat rations
 v - 4 fruits


   Skills:
 - Level 10.7 Fighting
 - Level 9.1 Dodging
 - Level 1.7 Stealth
 + Level 11.4 Spellcasting
 * Level 15.2 Conjurations
 - Level 7.1 Summonings
 + Level 13.1 Fire Magic


You had 5 spell levels left.
You knew the following spells:

 Your Spells              Type           Power        Failure   Level  Hunger
a - Bolt of Magma         Conj/Fire/Erth ######....   1%          5    ####...
b - Iskenderun's Mystic   Conj           ######..     1%          4    ##.....
c - Sticky Flame          Conj/Fire      #######.     1%          4    ##.....
d - Fireball              Conj/Fire      #######...   1%          5    ####...
e - Spellforged Servitor  Conj/Summ      ######....   13%         7    #######
v - Bolt of Fire          Conj/Fire      #######...   1%          6    ######.


Dungeon Overview and Level Annotations

Branches:
Dungeon (15/15)            Temple (0/1) D:6            Lair (6/6) D:9
  Swamp (0/4) Lair:3       Spider (0/4) Lair:4        Slime (0/5) Lair:5
    Orc (1/2) D:11         Vaults (0/5) D:13
 Depths: D:15

Altars:
Cheibriados
Dithmenos
Elyvilon
Gozag
Nemelex Xobeh
Qazlal
Sif Muna
Uskayaw
Vehumet
Wu Jian
Xom
Zin

Shops:
D:4 !   D:6 %   D:9 *   D:10 :   D:12 (   D:14 *

Portals:
Trove: D:12 (give +6 ice dragon scales)

Annotations:
D:15 Azrael


Innate Abilities, Weirdness & Mutations

You can breathe blasts of fire.
Your fiery red scales are hard. (AC +9)
You cannot fit into any form of body armour.
Your flesh is very heat resistant. (rF++)
You are cold-blooded and may be slowed by cold attacks.
Your flesh is cold resistant. (rC+)
Your muscles are strong. (Str +2)


Message History

Vehumet accepts your kill.
You feel your power returning.
You regained 2 mp, and now have 15/30 mp.
The orc warrior shouts!
The orc priest shouts!
The cyclops throws a large rock.
The large rock hits you!!
* * * LOW HITPOINT WARNING * * *
An orc knight comes into view. It is wielding a great sword.
You see here a large rock.
You take 19 damage, and have 26/128 hp.
An orc warrior and an ogre come into view.
The orc knight shouts!
The orc knight roars a battlecry!
The orcs go into a battle-frenzy!
An orc wizard comes into view. It is wielding a dagger.
An orc warrior comes into view. It is wielding a mace.
The orc knight roars a battlecry!
The orc goes into a battle-frenzy!
The orc priest closely misses you.
The orc warrior hits you with a scimitar!!
You die...

#...#.#........
##.#...)......#
#..)#..)......#
##.C####......##
#....###.....## ##
##..##.(......# #..
#.(.........##
#.####..oo.....##
.#$.#.#..@.......#
........$)...$..#.#
.#..$.#.......o....#
$......$)).#).#.#.##
.....))O...)###.###
.....).o)..)## ..
.>..o)oo..o..#..
....[.)).)......
....)...[).....#


You could see an orc knight, a cyclops, 3 orc warriors, an ogre (wandering), an
orc priest, an orc wizard (wandering) and 2 orcs.

Vanquished Creatures
  Rupert (Lair:5)
  A minotaur (Lab)
  An ogre mage (D:15)
  Fannar (D:11)
  A vault guard (D:13)
  6 hydras
  A catoblepas (Lair:6)
  10 two-headed ogres
  2 centaur warriors (D:13)
  Erica (D:8)
  3 death yaks (Lair:6)
  A tengu warrior (D:13)
  Sonja (D:11)
  An unseen horror (D:10)
  A glowing orange brain (D:13)
  An orc knight (Bailey)
  2 lindwurms
  An ugly thing (D:13)
  5 cyclopes
  A centaur zombie (D:12)
  3 manticores
  An elephant (Lair:5)
  4 black mambas
  Psyche (D:11)
  A torpor snail (Lair:2)
  A rime drake (Lair:4)
  6 spiny frogs
  A yaktaur (D:13)
  A komodo dragon (shapeshifter) (D:13)
  6 komodo dragons
  2 guardian mummies (D:12)
  4 trolls
  2 hornets
  A minotaur skeleton (Lab)
  9 hippogriffs
  6 blink frogs (Lair:1)
  A meliai zombie (D:15)
  A centaur simulacrum (D:15)
  65 yaks
  2 shadows (D:13)
  A wraith (D:12)
  A vampire (D:13)
  2 wyverns
  The ghost of Canard the Slasher, an amateur GnBe of Trog (Sewer)
  4 fire bats (D:11)
  9 hungry ghosts
  Grum (D:8)
  4 basilisks
  2 fire elementals (D:15)
  A vampire mosquito (D:15)
  A soldier ant (D:12)
  An acid dragon (D:13)
  6 porcupines
  11 water moccasins
  2 hell hounds
  21 orc warriors
  A black bear (Lair:2)
  5 phantoms
  2 ice beasts
  3 sky beasts
  9 wolves
  3 necrophages
  5 centaurs
  7 ogres
  11 crocodiles
  15 bullfrogs
  A big kobold (D:11)
  A wyvern zombie (D:13)
  5 scorpions
  A wyvern skeleton (D:10)
  A water moccasin skeleton (D:10)
  5 wights (D:6)
  3 howler monkeys
  An electric eel (Lair:4)
  7 jellies
  2 lava snakes (D:11)
  9 crimson imps
  A quasit (D:14)
  2 hounds
  2 bullfrog zombies
  13 orc priests
  8 orc wizards
  2 bullfrog skeletons
  A centaur skeleton (D:11)
  3 iguanas
  11 worker ants
  Terence (D:2)
  Natasha (twice) (D:3)
  7 hell rats (Lair:1)
  2 worker ant zombies
  Robin (D:3)
  10 gnolls
  20 adders
  13 river rats
  5 shadow imps
  4 oozes
  2 adder skeletons (D:4)
  4 worms
  A dart slug (D:1)
  5 leopard geckos
  64 orcs
  7 ball pythons
  12 giant cockroaches
  15 hobgoblins
  11 jackals
  12 quokkas
  11 bats
  7 frilled lizards
  A giant cockroach zombie (D:3)
  14 goblins
  A jackal zombie (D:5)
  4 kobolds
  3 leopard gecko zombies
  A quokka skeleton (D:4)
  21 rats
  3 fire vortices (D:11)
  6 fungi
  A plant (Lair:2)
639 creatures vanquished.

Vanquished Creatures (collateral kills)
  A hydra (Lair:6)
  2 catoblepae (Lair:6)
  3 death yaks (Lair:6)
  2 elephants (Lair:5)
  3 spiny frogs (Lair:6)
  A komodo dragon (Lair:6)
  A troll (Orc:1)
  2 polar bears (Lair:6)
  A hippogriff (Lair:5)
  21 yaks
  A basilisk (Lair:6)
  A water moccasin (Lair:5)
  3 orc warriors (Orc:1)
  An ogre (Orc:1)
  4 crocodiles
  2 orc wizards (Orc:1)
  A gnoll (Orc:1)
  2 oozes (Lair:5)
  9 orcs (Orc:1)
  A bush (Lair:5)
  A fungus (Lair:5)
63 creatures vanquished.

Vanquished Creatures (others)
  10 fungi
  14 plants
24 creatures vanquished.

Grand Total: 726 creatures vanquished

Notes
Turn   | Place    | Note
-------+----------+-------------------------------------------
     0 | D:1      | namelastname112 the Draconian Conjurer began the quest for the Orb.
     0 | D:1      | Reached XP level 1. HP: 14/14 MP: 3/3
   392 | D:1      | Reached XP level 2. HP: 21/22 MP: 0/5
   622 | D:1      | Learned a level 2 spell: Searing Ray
  1052 | D:2      | Reached XP level 3. HP: 27/27 MP: 3/6
  1125 | D:2      | Found a shimmering altar of Xom.
  1163 | D:2      | Noticed Terence
  1310 | D:2      | Killed Terence
  1310 | D:2      | Reached skill level 1 in Fighting
  1594 | D:2      | Reached XP level 4. HP: 33/35 MP: 3/7
  1921 | D:3      | Noticed Robin
  1952 | D:3      | Killed Robin
  1952 | D:3      | Reached skill level 5 in Conjurations
  2611 | D:3      | Noticed Natasha
  2616 | D:3      | Killed Natasha
  2616 | D:3      | Reached XP level 5. HP: 36/41 MP: 6/9
  2704 | D:3      | Noticed Natasha
  2711 | D:3      | Killed Natasha
  3111 | D:4      | Reached XP level 6. HP: 26/50 MP: 3/10
  3546 | D:4      | Found Ipoorah's Distillery.
  3554 | D:4      | Bought a potion of curing for 30 gold pieces
  3749 | D:4      | Reached skill level 6 in Conjurations
  3760 | D:4      | HP: 2/50 [orc priest/divine providence (15)]
  4351 | D:4      | Found a deep blue altar of Sif Muna.
  4584 | D:5      | Entered Level 5 of the Dungeon
  4612 | D:4      | Your scales start taking on a fiery red colour.
  4612 | D:4      | Reached XP level 7. HP: 26/57 MP: 5/12
  4612 | D:4      | Gained mutation: Your flesh is heat resistant. (rF+) [Red Draconian growth]
  5253 | D:5      | Reached skill level 7 in Conjurations
  5489 | D:5      | Learned a level 4 spell: Iskenderun's Mystic Blast
  5592 | D:5      | Found a white marble altar of Elyvilon.
  5593 | D:5      | Found an ornate altar of the Wu Jian Council.
  5594 | D:5      | Found a radiant altar of Vehumet.
  5628 | D:5      | Became a worshipper of Vehumet
  6074 | D:6      | Found a staircase to the Ecumenical Temple.
  6100 | D:6      | Found a glowing drain.
  6104 | Sewer    | Entered a sewer
  6203 | Sewer    | Noticed Canard's ghost (amateur GnBe)
  6215 | Sewer    | Killed Canard's ghost
  6215 | Sewer    | Reached XP level 8. HP: 37/66 MP: 8/14
  6410 | Sewer    | Reached * piety under Vehumet
  6410 | Sewer    | Offered knowledge of Flame Tongue by Vehumet.
  6413 | Sewer    | Learned a level 1 spell: Flame Tongue
  6534 | Sewer    | Reached skill level 1 in Fire Magic
  6890 | D:6      | Reached skill level 8 in Conjurations
  7084 | D:6      | Found Sikhiet's Food Shoppe.
  7255 | D:6      | Reached skill level 5 in Fighting
  7268 | D:6      | Offered knowledge of Freeze by Vehumet.
  7505 | D:7      | Reached skill level 5 in Spellcasting
  7552 | D:7      | Reached ** piety under Vehumet
  7564 | D:7      | Reached XP level 9. HP: 29/74 MP: 13/16
  7568 | D:7      | Reached skill level 5 in Dodging
  7831 | D:7      | Found a hide-covered altar of Uskayaw.
  8626 | D:8      | Noticed Erica
  8634 | D:8      | Killed Erica
  8718 | D:8      | Found a sparkling altar of Nemelex Xobeh.
  8718 | D:8      | Found a stormy altar of Qazlal.
  8789 | D:8      | Offered knowledge of Inner Flame by Vehumet.
  8789 | D:8      | Reached skill level 9 in Conjurations
  8789 | D:8      | Reached skill level 5 in Fire Magic
  8805 | D:8      | Reached XP level 10. HP: 63/84 MP: 4/19
  9008 | D:8      | Noticed Grum
  9021 | D:8      | Killed Grum
  9378 | D:8      | Reached *** piety under Vehumet
  9526 | D:8      | Found an opulent altar of Gozag.
  9601 | D:8      | Gained mutation: Your spells are a little easier to cast, but a little less powerful. [mutagenic meat]
  9602 | D:8      | Gained mutation: Your tail ends in a poisonous barb. [mutagenic meat]
  9603 | D:8      | Gained mutation: You have a pair of small antennae on your head. [mutagenic meat]
  9604 | D:8      | Lost mutation: Your spells are a little easier to cast, but a little less powerful. [potion of mutation]
  9604 | D:8      | Lost mutation: Your tail ends in a poisonous barb. [potion of mutation]
  9604 | D:8      | Lost mutation: You have a pair of small antennae on your head. [potion of mutation]
  9604 | D:8      | Gained mutation: Your flesh is cold resistant. (rC+) [potion of mutation]
  9604 | D:8      | Gained mutation: Your flesh is very heat resistant. (rF++) [potion of mutation]
  9604 | D:8      | Gained mutation: Your muscles are strong. (Str +2) [potion of mutation]
  9921 | D:9      | Found a staircase to the Lair.
 10000 | D:9      | Got a pair of jewelled boots
 10011 | D:9      | Identified the cursed +0 pair of boots of the Cast Vote {+Blink} (You found it on level 9 of the Dungeon)
 10275 | D:9      | Found Zin's Purification Station.
 10291 | D:9      | Found a glowing silver altar of Zin.
 10588 | D:10     | Entered Level 10 of the Dungeon
 10597 | D:10     | Noticed a two-headed ogre
 10607 | D:10     | Killed a two-headed ogre
 10655 | D:10     | Found Hubrol's Book Boutique.
 10663 | D:10     | Bought a book of Flames for 420 gold pieces
 10669 | D:10     | Learned a level 5 spell: Fireball
 10674 | D:10     | Learned a level 4 spell: Sticky Flame
 10922 | D:10     | Noticed an unseen horror
 10927 | D:10     | Killed an unseen horror
 11247 | D:10     | Noticed a two-headed ogre
 11253 | D:10     | Killed a two-headed ogre
 11365 | D:10     | Offered knowledge of Stone Arrow by Vehumet.
 11415 | D:10     | Reached XP level 11. HP: 94/94 MP: 11/21
 11433 | D:10     | Reached skill level 10 in Conjurations
 11576 | D:11     | Noticed Sonja
 11578 | D:11     | Killed Sonja
 11717 | D:11     | Noticed a two-headed ogre
 11726 | D:11     | Killed a two-headed ogre
 11894 | D:11     | Reached **** piety under Vehumet
 11904 | D:11     | Noticed a five-headed hydra
 11916 | D:11     | Killed a five-headed hydra
 12071 | D:11     | jacquesderrida: НОМИНГ
 12107 | D:11     | Noticed a two-headed ogre
 12123 | D:11     | Killed a two-headed ogre
 12123 | D:11     | Offered knowledge of Bolt of Magma by Vehumet.
 12253 | D:11     | Learned a level 5 spell: Bolt of Magma
 12294 | D:11     | Found a staircase to the Orcish Mines.
 12396 | D:11     | Noticed Fannar
 12400 | D:11     | Killed Fannar
 12402 | D:11     | Noticed Psyche
 12422 | D:11     | Killed Psyche
 12972 | D:11     | Noticed a two-headed ogre
 12985 | D:11     | Killed a two-headed ogre
 13475 | D:12     | Found a snail-covered altar of Cheibriados.
 13483 | D:12     | Reached XP level 12. HP: 104/105 MP: 18/24
 13708 | D:12     | Found Cibrulue's Antique Weapon Shoppe.
 13801 | D:12     | Noticed a two-headed ogre
 13809 | D:12     | Killed a two-headed ogre
 13882 | D:12     | Reached ***** piety under Vehumet
 14010 | D:12     | Found a portal to a secret trove of treasure.
 14062 | D:12     | Noticed a two-headed ogre
 14064 | D:12     | Killed a two-headed ogre
 14064 | D:12     | Offered knowledge of Lightning Bolt by Vehumet.
 14071 | D:12     | Reached skill level 11 in Conjurations
 14345 | D:12     | Noticed a two-headed ogre
 14348 | D:12     | Killed a two-headed ogre
 14348 | D:12     | Reached skill level 10 in Fighting
 14631 | D:13     | Found a labyrinth entrance.
 14638 | Lab      | Entered a labyrinth
 15421 | Lab      | Noticed a minotaur
 15426 | Lab      | Killed a minotaur
 15441 | Lab      | Identified Ifis's Handbook of Talismans
 15473 | D:13     | Noticed a centaur warrior
 15493 | D:13     | Noticed a four-headed hydra
 15953 | D:12     | Killed a four-headed hydra
 15953 | D:12     | Reached skill level 10 in Fire Magic
 16416 | D:13     | Killed a centaur warrior
 16744 | D:13     | Offered knowledge of Spellforged Servitor by Vehumet.
 16757 | D:13     | Learned a level 7 spell: Spellforged Servitor
 16885 | D:13     | Noticed a centaur warrior
 16891 | D:13     | Killed a centaur warrior
 16891 | D:13     | Reached skill level 1 in Summonings
 16892 | D:13     | Noticed a vault guard
 16908 | D:13     | Noticed a tengu warrior
 16919 | D:13     | Killed a vault guard
 16919 | D:13     | Reached XP level 13. HP: 53/114 MP: 4/26
 17299 | D:13     | Found a gate to the Vaults.
 17486 | D:14     | Found a flagged portal.
 17495 | Bailey   | Entered a bailey
 17528 | Bailey   | Reached skill level 12 in Conjurations
 17661 | Bailey   | Got a brightly glowing battleaxe
 17662 | Bailey   | Identified the +6 battleaxe of the Ageless Cities {chop, rPois rF++ rN+ Dex-3} (You found it in a bailey)
 18369 | D:14     | Found Qohorchehie's Assorted Antiques.
 18372 | D:14     | Bought a papyrus book for 510 gold pieces
 18599 | D:14     | Found a shadowy altar of Dithmenos.
 18797 | D:15     | Entered Level 15 of the Dungeon
 18898 | D:15     | Reached skill level 10 in Spellcasting
 19070 | D:15     | Noticed Azrael
 19242 | Lair:1   | Entered Level 1 of the Lair of Beasts
 19384 | Lair:1   | Offered knowledge of Iskenderun's Battlesphere by Vehumet.
 20469 | Lair:2   | Reached skill level 13 in Conjurations
 21262 | Lair:3   | Reached skill level 5 in Summonings
 21293 | Lair:3   | Reached XP level 14. HP: 122/122 MP: 3/28
 22231 | Lair:3   | Found a staircase to the Swamp.
 23108 | Lair:4   | Reached skill level 14 in Conjurations
 23108 | Lair:4   | Reached XP level 15. HP: 128/128 MP: 29/29
 23174 | Lair:4   | Found a hole to the Spider Nest.
 23225 | Lair:4   | Offered knowledge of Iron Shot by Vehumet.
 23754 | Lair:5   | Noticed Rupert
 23779 | Lair:5   | Killed Rupert
 23808 | Lair:5   | Found a staircase to the Slime Pits.
 24571 | Lair:6   | Entered Level 6 of the Lair of Beasts
 25121 | Lair:6   | Offered knowledge of Bolt of Fire by Vehumet.
 25227 | Lair:6   | Reached skill level 15 in Conjurations
 25261 | Lair:6   | Learned a level 6 spell: Bolt of Fire
 26084 | Orc:1    | Entered Level 1 of the Orcish Mines
 26153 | Orc:1    | Slain by an orc warrior

Vault maps used:
D:1:      co_arrival_random_square_maze, roderic_serpentine_path
D:2:      xom_teletrap_fun, uniq_terence
D:3:      serial_undead, serial_undead_d, serial_undead_b, serial_undead_e,
          serial_undead_c, first_bread, uniq_robin, uniq_natasha
D:4:      nicolae_overflow_hidden_temple, serial_shops, shop
D:5:      gammafunk_temple_overflow_forgotten
D:6:      minmay_temple_entry_grid, gup_sewer_entry_bowl, serial_shops,
          nicolae_shop_trees
D:7:      eat_drink_and_be_merry_uskayaw, st_stairs_8, grunt_ogre_cave
D:8:      old_standard_altar, chequers_temple_overflow_statue_of_worship,
          uniq_grum, uniq_erica
D:9:      zin_purify, lair_entry_dummy
D:10:     serial_shops, shop
D:11:     erik_orc_3, hangedman_incinerator, uniq_sonja, uniq_psyche,
          uniq_fannar
D:12:     serial_shops, kennysheep_mini, nicolae_trove_entry_path_of_doom,
          cheibriados_altar_1
D:13:     david_vaults_5, lab_entry_generic
D:14:     grunt_dithmenos_smoke, serial_shops, kennysheep_mini_moat,
          enter_bailey_2, hex_medium
D:15:     hangedman_depths_entry_try_elsewhere_first, minmay_splitting_lines,
          uniq_azrael
Lair:1:   lemuel_ratsnest
Lair:2:   serial_bayou_pond_b, beast_lair_carwin_4
Lair:3:   swamp_mist, cheibrodos_lair_reptile_den, grunt_megastairs_4
Lair:4:   spider_nest_entry_webs, infiniplex_staircase_pool
Lair:5:   nicolae_slime_entry_slimehenge, grunt_megastairs_3, uniq_rupert
Lair:6:   evilmike_catoblepas_cave
Orc:1:    basic_altar, uniq_snorg
Lab:      nicolae_lab_dead_adventurers, nicolae_lab_blocks, nicolae_lab_diamond
Sewer:    sewer_frog_island_01
Bailey:   bailey_polearm_4, bailey

Skill      XL: |  1  2  3  4  5  6  7  8  9 10 11 12 13 14 15 |
---------------+----------------------------------------------+-----
Dodging        | 2 3 4 6 7 8 9 |  9.1
Fighting       | 1 2 3 4 5 6 8 9 10 | 10.7
Spellcasting   | 3 4 5 6 7 8 9 10 11 | 11.4
Conjurations   | 5 6 7 8 9 10 11 13 14 15 | 15.2
Fire Magic     | 3 5 7 8 10 11 12 13 | 13.1
Summonings     | 1 5 6 7 |  7.1
Stealth        | |  1.7

Action                   |  1- 3 |  4- 6 |  7- 9 | 10-12 | 13-15 || total
-------------------------+-------+-------+-------+-------+-------++-------
Melee: Club              |    38 |       |       |       |       ||    38
       Tailslap          |     4 |     6 |    14 |    33 |    29 ||    86
       Unarmed           |     1 |       |       |       |       ||     1
       Falchion          |     2 |    72 |    91 |   172 |   154 ||   491
 Cast: Magic Dart        |    53 |   131 |   228 |   253 |     7 ||   672
       Searing Ray       |     2 |     3 |    14 |     4 |       ||    23
       Fireball          |       |       |       |   107 |   249 ||   356
       Iskenderun's Myst |       |       |       |    10 |     8 ||    18
       Sticky Flame      |       |       |       |    42 |    29 ||    71
       Bolt of Magma     |       |       |       |    10 |    18 ||    28
       Spellforged Servi |       |       |       |       |    14 ||    14
       Bolt of Fire      |       |       |       |       |     3 ||     3
 Abil: Breathe Fire      |       |       |    10 |     7 |     7 ||    24
  Use: Scroll            |     2 |       |    15 |     8 |    11 ||    36
       Potion            |       |     1 |       |     2 |     2 ||     5
 Stab: Sleeping          |       |       |       |     1 |       ||     1
       Distracted        |       |       |       |       |     2 ||     2
  Eat: Chunk             |     3 |     9 |    13 |    31 |    57 ||   113
       Fruit             |       |       |     3 |    14 |     1 ||    18
       Royal jelly       |       |       |       |     2 |     7 ||     9
       Meat ration       |       |       |       |     4 |     5 ||     9
Armor: Skin              |    31 |    36 |    51 |   107 |    73 ||   298
Dodge: Dodged            |    42 |    72 |   167 |   337 |   246 ||   864
       Deflected         |       |       |       |    12 |     6 ||    18
       Rpst.: Falchion   |       |    23 |    64 |    91 |    59 ||   237
